[Event "Team 45 45 League T64"]
[Site "Internet Chess Club"]
[Date "2015.03.08"]
[Round "1"]
[White "Tobiasdelmonte"]
[Black "Goli"]
[Result "0-1"]
[WhiteElo "1805"]
[BlackElo "1793"]
[Opening "King's Indian: London system"]
[ECO "A48"]
[Time "11:00:28"]
[TimeControl "2700+45"]

1. d4 Nf6 2. Nf3 g6 3. Bf4 Bg7 4. e3 O-O 5. c4 d6 6. h3 Nbd7 7. Nc3 a5 8. Be2 c5
9. O-O cxd4 10. exd4 Re8 11. Rc1 b6 12. Re1 Bb7 13. a3 Rc8 14. b4 Bxf3 15. Bxf3
Rxc4 16. Nd5 Rxc1 17. Nxf6+ Bxf6 18. Bxc1 Qc7 19. bxa5 bxa5 20. Qa4 Rb8 21. Bd2
Qa7 22. Qxa5 Qxd4 23. Rd1 Qc5 24. Qa6 Bd4 25. Rf1 Bxf2+ 26. Kh1 Qa7 27. Qe2 Bh4
28. Qc4 Bf6 29. Bd5 Ne5 30. Qa2 Kg7 31. g4 Nd3 32. g5 Rb2 33. gxf6+ exf6 34.
Bh6+ Kxh6 35. Qc4 Nf2+ 36. Kg2 Ne4+ 37. Kf3 Nd2+ {White resigns} 0-1

[Event "Team 45 45 League T64"]
[Site "Internet Chess Club"]
[Date "2015.03.06"]
[Round "1"]
[White "sharky123"]
[Black "TerryMalloy"]
[Result "1/2-1/2"]
[WhiteElo "1814"]
[BlackElo "1923"]
[Opening "Sicilian"]
[ECO "B50"]
[Time "20:11:10"]
[TimeControl "2700+45"]

1. e4 c5 2. Nf3 d6 3. c3 g6 4. d4 Nf6 5. Bd3 Bg7 6. O-O O-O 7. h3 Qc7 8. Be3 a6
9. Nbd2 Nbd7 10. a4 b6 11. Qb3 Bb7 12. d5 Rab8 13. Rfd1 Rfd8 14. Nc4 b5 15. axb5
axb5 16. Na3 b4 17. Nb5 Qc8 18. cxb4 cxb4 19. Rac1 Nc5 20. Bxc5 dxc5 21. Na7 Qc7
22. Nc6 Bxc6 23. dxc6 e6 24. e5 Nd5 25. Rxc5 Rb6 26. Be4 Rxc6 27. Rxc6 Qxc6 28.
Qxb4 Ra8 29. Bxd5 exd5 30. g3 Re8 31. Qd6 Qxd6 32. exd6 Bxb2 33. Rxd5 Rd8 34.
Nd2 f6 35. Rd3 Kf7 36. Nc4 Ba1 37. Na5 Rd7 38. f4 f5 39. Nc6 Ke6 40. Nd4+ Bxd4+
41. Rxd4 Rxd6 42. Rxd6+ Kxd6 43. Kf2 Kd5 44. Ke3 Kc5 {Game drawn by mutual
agreement} 1/2-1/2

[Event "Team 45 45 League T64"]
[Site "Internet Chess Club"]
[Date "2015.03.04"]
[Round "1"]
[White "CaptK"]
[Black "Holzschlange"]
[Result "1-0"]
[WhiteElo "1762"]
[BlackElo "1817"]
[Opening "Queen's pawn game"]
[ECO "D02"]
[Time "17:07:06"]
[TimeControl "2700+45"]

1. d4 d5 2. Nf3 e6 3. c4 c5 4. e3 Nc6 5. Nc3 Nf6 6. a3 a6 7. dxc5 Bxc5 8. b4 Ba7
9. cxd5 exd5 10. Bb2 O-O 11. Bd3 Bg4 12. Ne2 Re8 13. O-O Qd6 14. h3 Bxf3 15.
gxf3 Rad8 16. b5 axb5 17. Bxb5 Ne5 18. Kg2 Re7 19. Nd4 Nh5 20. f4 Qg6+ 21. Kh2
Nc4 22. Bxc4 dxc4 23. Rg1 Qh6 24. Nf5 Rxd1 25. Nxh6+ Kf8 26. Raxd1 c3 27. Bxc3
Rc7 28. Bb4+ {Black resigns} 1-0

[Event "Team 45 45 League T64"]
[Site "Internet Chess Club"]
[Date "2015.03.06"]
[Round "1"]
[White "Warpdrive"]
[Black "losscause"]
[Result "1/2-1/2"]
[WhiteElo "1627"]
[BlackElo "1618"]
[Opening "Caro-Kann: Steinitz variation"]
[ECO "B17"]
[Time "21:06:54"]
[TimeControl "2700+45"]

1. e4 c6 2. d4 d5 3. Nd2 dxe4 4. Nxe4 Nd7 5. Nf3 Ngf6 6. Ng3 e6 7. Bc4 Nb6 8.
Bb3 a5 9. a3 a4 10. Ba2 h6 11. O-O Bd6 12. Re1 O-O 13. Be3 Nbd5 14. Qd2 Nxe3 15.
Qxe3 Qc7 16. c4 c5 17. d5 exd5 18. cxd5 Bd7 19. Qd3 Rfe8 20. Rxe8+ Rxe8 21. Re1
Rxe1+ 22. Nxe1 b5 23. Nf3 b4 24. axb4 cxb4 25. b3 Qc1+ 26. Qf1 Qb2 27. Qb1 Qxb1+
28. Bxb1 Nxd5 29. bxa4 Bxa4 30. Ne4 Be7 31. Kf1 Nc3 32. Nxc3 bxc3 33. Ne1 Bb5+
34. Kg1 Bb4 35. Bc2 Bc5 36. Nd3 Bd6 37. h3 g5 38. f3 Kg7 39. Kf2 Kf6 40. Ke3
Bxd3 41. Bxd3 Bf4+ 42. Ke4 Bd2 43. g4 Bc1 44. Kd5 {Game drawn by mutual
agreement} 1/2-1/2

[Event "Team 45 45 League T64"]
[Site "Internet Chess Club"]
[Date "2015.03.07"]
[Round "1"]
[White "deepfort"]
[Black "Signalman"]
[Result "0-1"]
[WhiteElo "1498"]
[BlackElo "1801"]
[Opening "Bogo-Indian defense, Grünfeld variation"]
[ECO "A40"]
[Time "09:42:28"]
[TimeControl "2700+45"]

1. d4 e6 2. c4 Bb4+ 3. Nd2 Nf6 4. Nf3 O-O 5. a3 Be7 6. b4 d5 7. Qc2 a5 8. b5 c6
9. e4 dxe4 10. Nxe4 Nbd7 11. Bd3 Nxe4 12. Bxe4 Nf6 13. Bd3 cxb5 14. cxb5 b6 15.
Bb2 Bb7 16. Qe2 Rc8 17. O-O Nd5 18. Qe4 g6 19. Rac1 Rxc1 20. Rxc1 Nb4 21. Qxb7
Nxd3 22. Rc7 Bf6 23. Bc3 Qd6 24. g3 Qxa3 25. Qxb6 Bd8 26. Qxa5 Qc1+ 27. Kg2 Qc2
28. Nd2 Bxc7 29. Qxc7 Ne1+ 30. Kf1 Qd1 31. Qf4 Nd3+ {White resigns} 0-1

[Event "Team 45 45 League T64"]
[Site "Internet Chess Club"]
[Date "2015.03.14"]
[Round "1"]
[White "beitmery"]
[Black "ForkNPin"]
[Result "1-0"]
[WhiteElo "1707"]
[BlackElo "1732"]
[Opening "QGD: classical variation (5.Bf4)"]
[ECO "D37"]
[Time "14:06:33"]
[TimeControl "2700+45"]

1. d4 d5 2. c4 e6 3. Nf3 Nf6 4. Nc3 Be7 5. Bf4 a6 6. e3 O-O 7. cxd5 exd5 8. Bd3
b6 9. h3 Bb7 10. O-O Nbd7 11. Rc1 c5 12. dxc5 Nxc5 13. Bb1 g6 14. Qe2 Qd7 15.
Rfd1 Rfd8 16. Bh2 Rac8 17. b4 Nce4 18. Nxe4 Rxc1 19. Nxf6+ Bxf6 20. Rxc1 Rc8 21.
Rxc8+ Qxc8 22. Qc2 Qe6 23. Qc7 Qc6 24. Qxc6 Bxc6 25. Be5 {Black resigns} 1-0

[Event "Team 45 45 League T64"]
[Site "Internet Chess Club"]
[Date "2015.03.08"]
[Round "1"]
[White "KnightOfLight"]
[Black "bondguy01"]
[Result "0-1"]
[WhiteElo "1695"]
[BlackElo "1775"]
[Opening "Trompowsky attack (Ruth, Opocenský opening)"]
[ECO "A45"]
[Time "15:00:27"]
[TimeControl "2700+45"]

1. d4 Nf6 2. Bg5 Ne4 3. Bh4 c5 4. f3 g5 5. fxe4 gxh4 6. d5 Qb6 7. b3 Bg7 8. c3
d6 9. Qc2 Bg4 10. Nd2 Nd7 11. Nc4 Qc7 12. a4 O-O 13. h3 Bh5 14. Nf3 Bxf3 15.
exf3 a6 16. a5 b5 17. axb6 Nxb6 18. Ne3 e6 19. dxe6 fxe6 20. Bd3 d5 21. O-O d4
22. Nc4 dxc3 23. e5 Nxc4 24. Bxh7+ Kh8 25. bxc4 Bxe5 26. Be4 Bd4+ 27. Kh1 Ra7
28. Qc1 Qf4 29. Qxf4 Rxf4 30. Ra4 a5 31. Rb1 Kg7 32. Bc2 Rff7 33. Be4 Kf6 34.
Rb5 Kg5 35. Rbxa5 Rxa5 36. Rxa5 Kf4 37. Ra6 Rf6 38. Kh2 Bf2 39. g4 hxg3+ 40. Kg2
Rh6 41. Ra2 Ke5 42. Ra4 Kd4 43. Bc2 Rh4 44. Ra6 e5 45. Ra4 Rh6 46. Be4 Ke3 47.
Ra2 Kf4 48. Re2 Rd6 49. Bd5 Rh6 50. Re4+ Kf5 51. Re2 Rb6 52. Be4+ Kf4 53. Bd3
Rb2 54. Rxb2 cxb2 55. h4 Be3 56. Be4 Bf2 57. Kf1 Bd4 58. Kg2 Bc3 59. Kf1 Ba5 60.
Kg2 Bd8 61. h5 Bg5 62. Kh3 b1=Q 63. Bxb1 Kxf3 64. Bg6 g2 65. Be4+ Kxe4 66. Kxg2
Kd3 67. Kf3 e4+ 68. Kg4 Bh6 69. Kf5 e3 70. Kg6 Bf4 71. h6 Bxh6 72. Kxh6 e2 73.
Kg5 e1=Q 74. Kf5 Kxc4 75. Kf6 Kb3 76. Kg5 c4 77. Kf6 c3 78. Kg5 c2 79. Kf6 c1=Q
80. Kf5 Qcd2 81. Kg4 Qdf2 82. Kh5 Qeg1 83. Kh6 Qfh2# {White checkmated} 0-1

[Event "Team 45 45 League T64"]
[Site "Internet Chess Club"]
[Date "2015.03.08"]
[Round "1"]
[White "Chess-Boy"]
[Black "Lrn2Mate"]
[Result "0-1"]
[WhiteElo "1624"]
[BlackElo "1647"]
[Opening "Scandinavian (center counter) defense"]
[ECO "B01"]
[Time "15:31:49"]
[TimeControl "2700+45"]

1. e4 d5 2. exd5 Qxd5 3. Nc3 Qd8 4. d4 Nf6 5. Bc4 a6 6. a4 Nc6 7. Be3 e5 8. Nf3
exd4 9. Nxd4 Ne5 10. Ba2 c5 11. Nf3 Qxd1+ 12. Rxd1 Nxf3+ 13. gxf3 Be7 14. Rg1
O-O 15. Bh6 Nh5 16. Rd5 Kh8 17. Be3 Nf6 18. Re5 Bd6 19. Bxc5 Bxe5 20. Bxf8 Bxc3+
21. bxc3 g6 22. Bxf7 Bf5 23. Be7 Kg7 24. Bxf6+ Kxf7 25. Bd4 Bxc2 26. a5 Re8+ 27.
Kd2 Ba4 28. Rb1 Bc6 29. f4 Ke6 30. Ke3 Kf5+ 31. Be5 g5 32. Kd4 gxf4 33. Bc7 Re2
34. Rf1 Bb5 35. c4 Re4+ 36. Kc5 Rxc4+ 37. Kb6 Rc6+ {White resigns} 0-1

[Event "Team 45 45 League T64"]
[Site "Internet Chess Club"]
[Date "2015.03.08"]
[Round "1"]
[White "tryanything"]
[Black "Elton2013"]
[Result "1/2-1/2"]
[WhiteElo "1546"]
[BlackElo "1587"]
[Opening "Hungarian defense"]
[ECO "C50"]
[Time "19:00:34"]
[TimeControl "2700+45"]

1. e4 e5 2. Nf3 Nc6 3. Bc4 Be7 4. d4 d6 5. O-O Nf6 6. dxe5 dxe5 7. Nc3 O-O 8. h3
b6 9. Be3 Bb7 10. Qe2 Nd4 11. Bxd4 exd4 12. Rad1 c5 13. Nd5 Nxd5 14. exd5 Re8
15. Rfe1 Bxd5 16. Bb5 Bxf3 17. gxf3 Qd5 18. Bxe8 Rxe8 19. c4 Qg5+ 20. Kh1 Qh5
21. Qe4 Qxh3+ 22. Kg1 f5 23. Qb7 Kf8 24. Re6 Qh5 25. Rde1 Qg5+ 26. Kf1 d3 27.
Rd1 d2 28. Re2 Qh4 29. Kg2 Qg5+ 30. Kf1 Qh4 31. Kg2 h5 32. Rdxd2 Qg5+ 33. Kf1 h4
34. Rd7 h3 35. Rexe7 Qc1+ 36. Ke2 Qxb2+ 37. Kd1 Qb1+ 38. Kd2 Qxa2+ 39. Kc3 Qa3+
40. Kc2 Qa4+ 41. Kc3 Qb4+ 42. Kd3 Qb3+ 43. Kd2 Qb2+ 44. Kd3 Rxe7 45. Rxe7 Qd4+
46. Kc2 Qxc4+ 47. Kd2 Qd4+ 48. Kc2 Qxf2+ 49. Kd3 Qd4+ 50. Kc2 h2 51. Rd7 Qxd7
52. Qxd7 h1=Q 53. Qxf5+ Kg8 54. Qc8+ Kh7 55. Qf5+ Kh6 56. Qf4+ Kg6 57. Qg4+ Kf6
58. Qf4+ Ke6 59. Qe4+ Kd7 60. Qg4+ Kc6 61. Qg6+ Kb5 62. Qe8+ Ka5 63. Qf7 Qg2+
64. Kc3 Qf2 65. Qxa7+ Kb5 66. Qd7+ Ka6 67. Qa4+ Kb7 68. Qd7+ Ka8 69. Qe8+ Ka7
70. Qd7+ Ka6 71. Qa4+ Kb7 72. Qd7+ Kb8 73. Qd8+ Ka7 74. Qd7+ Ka8 75. Qd8+ Ka7
76. Qd7+ Ka6 77. Qa4+ Kb7 78. Qd7+ {Game drawn by repetition} 1/2-1/2

[Event "Team 45 45 League T64"]
[Site "Internet Chess Club"]
[Date "2015.03.05"]
[Round "1"]
[White "mindstorm"]
[Black "lilith"]
[Result "1-0"]
[WhiteElo "1561"]
[BlackElo "1438"]
[Opening "King's pawn game"]
[ECO "C50"]
[Time "16:02:13"]
[TimeControl "2700+45"]

1. e4 e5 2. Nf3 Nc6 3. Bc4 h6 4. c3 Bc5 5. d4 exd4 6. cxd4 Bb6 7. O-O Nf6 8. e5
Nh7 9. d5 Ne7 10. Nc3 O-O 11. Re1 Kh8 12. d6 Ng6 13. dxc7 Bxc7 14. b3 d6 15. e6
fxe6 16. Bd3 Nh4 17. Nxh4 Qxh4 18. Be3 d5 19. g3 Qf6 20. Bxh7 Kxh7 21. Qd3+ Kh8
22. Rac1 a6 23. Nxd5 exd5 24. Rxc7 Qf3 25. Qc3 Qf6 26. Qxf6 Rxf6 27. Bd4 Rg6 28.
Ree7 Bh3 29. Rxg7 Rxg7 30. Rxg7 a5 31. Rxb7+ Kg8 32. f4 Re8 33. Be5 Rd8 34. Kf2
d4 35. Ke2 d3+ 36. Kd2 Bf1 37. Ra7 Rc8 38. Rc7 Rf8 39. Rg7+ Kh8 40. Rf7+ Kg8 41.
Rxf8+ Kxf8 42. Bc3 Kf7 43. Bxa5 Kf6 44. Ke3 Kf5 45. Kf2 d2 46. Bxd2 {Black
resigns} 1-0

[Event "Team 45 45 League T64"]
[Site "Internet Chess Club"]
[Date "2015.03.04"]
[Round "1"]
[White "ShadowKing"]
[Black "chessmaster5132"]
[Result "1-0"]
[WhiteElo "1347"]
[BlackElo "1319"]
[Opening "Four knights game"]
[ECO "C47"]
[Time "17:00:29"]
[TimeControl "2700+45"]

1. e4 e5 2. Nf3 Nc6 3. Nc3 Nf6 4. Be2 Bc5 5. h3 d5 6. exd5 Nxd5 7. Nxd5 Qxd5 8.
d3 e4 9. dxe4 Qxe4 10. O-O O-O 11. Re1 Qg6 12. Bd3 Bf5 13. Bxf5 Qxf5 14. Be3 Bd6
15. Nd4 Nxd4 16. Bxd4 Qf4 17. g3 Qf5 18. Qg4 Qxg4 19. hxg4 Rfe8 20. Kg2 b6 21.
Bc3 a5 22. a4 Bb4 23. Bxb4 axb4 24. b3 c6 25. Red1 Rad8 26. Rxd8 Rxd8 27. a5
bxa5 28. Rxa5 f6 29. Ra6 Rc8 30. Rb6 c5 31. Kf3 Kf7 32. Ke4 Rd8 33. Ke3 Rd4 34.
Rc6 Rxg4 35. Rxc5 Rg5 36. Rc4 Re5+ 37. Re4 Rxe4+ 38. Kxe4 Ke6 39. f4 f5+ 40. Kd4
Kd6 41. Kc4 Kc6 42. Kxb4 Kb6 43. Kc4 Kc6 44. b4 Kb6 45. Kd5 Kb5 46. c4+ Kb6 47.
Kd6 Kb7 48. Kd7 Kb6 49. c5+ Kb7 50. c6+ Kb8 51. c7+ Kb7 52. c8=Q+ Kb6 53. Qc6+
Ka7 54. Kc7 g6 55. Qb7# {Black checkmated} 1-0

[Event "Team 45 45 League T64"]
[Site "Internet Chess Club"]
[Date "2015.03.09"]
[Round "1"]
[White "karthikkallam"]
[Black "mkoga"]
[Result "0-1"]
[WhiteElo "1253"]
[BlackElo "1434"]
[Opening "Giuoco Piano"]
[ECO "C50"]
[Time "20:00:22"]
[TimeControl "2700+45"]

1. e4 e5 2. Nf3 Nc6 3. Bc4 Bc5 4. O-O Nf6 5. Nc3 Nxe4 6. Nxe4 Bb6 7. Nc3 O-O 8.
d3 h6 9. Be3 Bd4 10. Bxd4 exd4 11. Ne2 Qf6 12. Bb5 Ne5 13. Nexd4 Nxf3+ 14. Nxf3
c6 15. Bc4 d5 16. Bb3 Bg4 17. c3 Rfe8 18. h3 Bh5 19. Bc2 Re5 20. g4 Rf5 21. gxf5
Qxf5 22. d4 Qxh3 23. Ne5 Bxd1 24. Bxd1 Re8 25. Bg4 Qh4 26. Bd7 Re7 27. Rae1 Qg5+
28. Kh1 f6 29. Bxc6 fxe5 30. Bxd5+ Kh8 31. Rxe5 Rxe5 32. dxe5 Qxe5 33. Bxb7 Qb5
34. Be4 Qxf1+ {White resigns} 0-1

[Event "Team 45 45 League T64"]
[Site "Internet Chess Club"]
[Date "2015.03.10"]
[Round "1"]
[White "Chess4Him"]
[Black "clarinetref"]
[Result "1/2-1/2"]
[WhiteElo "1547"]
[BlackElo "1585"]
[Opening "Queen's pawn, Mason variation"]
[ECO "D00"]
[Time "14:08:41"]
[TimeControl "2700+45"]

1. d4 d5 2. Bf4 Nf6 3. e3 c5 4. c3 Qb6 5. Qb3 Nc6 6. Nd2 Nh5 7. Bg3 cxd4 8. cxd4
Nxg3 9. hxg3 Qa5 10. a3 e6 11. Nf3 Bd6 12. Bd3 f5 13. Ng5 h6 14. g4 Rf8 15. Nh7
Rf7 16. g5 Nb4 17. gxh6 Nxd3+ 18. Qxd3 gxh6 19. Rxh6 Be7 20. Rc1 Bd7 21. Qc3 Qb6
22. Nf3 Rg7 23. Nf6+ Bxf6 24. Rxf6 Rc8 25. Qd2 Rxc1+ 26. Qxc1 Rxg2 27. Rh6 a5
28. Rh8+ Ke7 29. Rh7+ Kd8 30. Rh8+ Be8 31. Qc3 Rg7 32. b4 Rc7 33. Qb2 axb4 34.
axb4 Rc4 35. b5 Qa5+ 36. Nd2 Rb4 37. Qc3 Rxb5 38. Qxa5+ Rxa5 39. Nb3 Rb5 40. Nc5
Ke7 41. Nxe6 Rb1+ 42. Kd2 Ba4 43. Nf4 Bc6 44. Rh5 Kf6 45. Rh6+ Kg7 46. Rg6+ Kf7
47. Rd6 Rb2+ 48. Ke1 Rb1+ {Game drawn by mutual agreement} 1/2-1/2

[Event "Team 45 45 League T64"]
[Site "Internet Chess Club"]
[Date "2015.03.09"]
[Round "1"]
[White "PostMike"]
[Black "pokerram"]
[Result "0-1"]
[WhiteElo "1452"]
[BlackElo "1762"]
[Opening "Two knights defense"]
[ECO "C59"]
[Time "14:30:14"]
[TimeControl "2700+45"]

1. e4 e5 2. Nf3 Nc6 3. Bc4 Nf6 4. Ng5 d5 5. exd5 Na5 6. Bb5+ c6 7. dxc6 bxc6 8.
Be2 h6 9. Nf3 e4 10. Ne5 Qd4 11. f4 Bc5 12. Rf1 Qd8 13. c3 Bb6 14. b4 Nb7 15.
Nxc6 Qc7 16. Ne5 O-O 17. Na3 Be6 18. Nac4 Rad8 19. Nxb6 axb6 20. Qc2 Nd6 21. Kf2
e3+ 22. Kxe3 Nfe4 23. Bf3 Nf5+ 24. Ke2 Nd4+ {White resigns} 0-1

[Event "Team 45 45 League T64"]
[Site "Internet Chess Club"]
[Date "2015.03.09"]
[Round "1"]
[White "KidRattler"]
[Black "kutch"]
[Result "0-1"]
[WhiteElo "1448"]
[BlackElo "1540"]
[Opening "Giuoco Piano"]
[ECO "C53"]
[Time "19:00:19"]
[TimeControl "2700+45"]

1. e4 e5 2. Nf3 Nc6 3. Bc4 Bc5 4. c3 d6 5. d3 h6 6. Be3 Bxe3 7. fxe3 Bg4 8. Nbd2
Nf6 9. O-O O-O 10. Qc2 Na5 11. b4 Nxc4 12. Nxc4 b6 13. h3 Be6 14. Ncd2 Nh7 15.
Rfe1 Ng5 16. Kh2 f5 17. exf5 Bxf5 18. e4 Bxh3 19. Nxg5 Qxg5 20. Nb3 Be6 21. Qd2
Qh4+ 22. Kg1 Rf7 23. Rf1 Raf8 24. Rxf7 Rxf7 25. Qe1 Qg5 26. Qd2 Qg3 27. Qe1
Qxe1+ 28. Rxe1 g5 29. Nc1 Kg7 30. a3 Bd7 31. Re3 Rf6 32. Ne2 h5 33. Ng3 Kg6 34.
Rf3 Rxf3 35. gxf3 h4 36. Nh1 g4 37. Kf2 g3+ 38. Kg2 Kg5 39. Nxg3 hxg3 40. Kxg3
Ba4 41. d4 Bb3 42. Kf2 Kf4 43. dxe5 dxe5 44. a4 Bxa4 45. b5 Bxb5 46. c4 Bxc4 47.
Kg2 a5 48. Kf2 a4 49. Ke1 a3 50. Kd2 b5 51. Kc2 a2 52. Kb2 Kxf3 53. Ka1 Kxe4 54.
Kb2 Kf3 55. Ka1 e4 56. Kb2 e3 57. Kc2 Kf2 58. Kd1 e2+ 59. Kc2 e1=Q 60. Kb2 a1=Q+
61. Kc2 Qac1# {White checkmated} 0-1

[Event "Team 45 45 League T64"]
[Site "Internet Chess Club"]
[Date "2015.03.08"]
[Round "1"]
[White "Aquaman"]
[Black "Just-Jim"]
[Result "0-1"]
[WhiteElo "1351"]
[BlackElo "1326"]
[Opening "Blackmar gambit"]
[ECO "D00"]
[Time "16:00:24"]
[TimeControl "2700+45"]

1. d4 d5 2. e4 dxe4 3. Nc3 f5 4. f3 Nf6 5. Bg5 Nbd7 6. fxe4 fxe4 7. Qe2 e6 8.
Nxe4 Be7 9. Nxf6+ Nxf6 10. Nf3 O-O 11. c3 Nd5 12. Bxe7 Qxe7 13. Qd2 h6 14. Ne5
Qh4+ 15. g3 Qe4+ 16. Qe2 Qxh1 17. O-O-O Qg1 18. Ng4 e5 19. Bh3 Bxg4 20. Rxg1
Bxe2 21. Be6+ Kh8 22. Bxd5 Rf1+ 23. Rxf1 Bxf1 24. Bxb7 Re8 25. Bc6 Re7 26. Kd2
exd4 27. cxd4 Re2+ 28. Kc3 Rxh2 29. Bd7 Rg2 30. g4 Be2 31. a4 Bxg4 32. Bc6 Rg3+
33. Kc4 Be2+ 34. Kb4 h5 35. Ka5 h4 36. b4 h3 37. b5 Bf3 38. Ka6 Bxc6 39. bxc6 h2
40. Kb7 h1=Q 41. Kxc7 Rc3 {White resigns} 0-1

[Event "Team 45 45 League T64"]
[Site "Internet Chess Club"]
[Date "2015.03.06"]
[Round "1"]
[White "craftsman49868"]
[Black "FosterChess"]
[Result "1-0"]
[WhiteElo "1618"]
[BlackElo "1549"]
[Opening "Grünfeld defense"]
[ECO "D80"]
[Time "20:01:09"]
[TimeControl "2700+45"]

1. d4 Nf6 2. c4 g6 3. Nc3 d5 4. e3 Bg7 5. Be2 O-O 6. Nf3 Bf5 7. O-O Qd7 8. Ne5
Qe6 9. cxd5 Nxd5 10. Nxd5 Qxd5 11. Bf3 Qb5 12. Be2 Qd5 13. Bc4 Qe4 14. Bd3 Qd5
15. Bxf5 gxf5 16. Nd3 Nc6 17. b3 Rad8 18. Bb2 Rd6 19. Rc1 Rg6 20. Nf4 Rxg2+ 21.
Nxg2 Bh6 22. Rc5 Qe4 23. Qh5 Bg7 24. Qxf5 Qxf5 25. Rxf5 a6 26. Nf4 Nb4 27. a3
Nc6 28. Nh5 Kh8 29. Nxg7 Kxg7 30. d5+ {Black resigns} 1-0

[Event "Team 45 45 League T64"]
[Site "Internet Chess Club"]
[Date "2015.03.08"]
[Round "1"]
[White "browndeer"]
[Black "mongmong"]
[Result "1-0"]
[WhiteElo "1633"]
[BlackElo "1510"]
[Opening "French: Tarrasch"]
[ECO "C03"]
[Time "18:00:32"]
[TimeControl "2700+45"]

1. e4 e6 2. d4 d5 3. Nd2 h6 4. Ngf3 Nf6 5. Bd3 c5 6. exd5 Nxd5 7. dxc5 Bxc5 8.
O-O O-O 9. Nb3 Be7 10. Qe2 Nf6 11. Be3 Bd7 12. Rfe1 Bc6 13. a3 Nbd7 14. Rab1 Nb6
15. h3 Nbd5 16. Bd2 Qc7 17. Nbd4 Rad8 18. Nxc6 Qxc6 19. Ne5 Qc7 20. Nf3 Bd6 21.
Red1 Bf4 22. Bxf4 Nxf4 23. Qe3 Nxd3 24. cxd3 Nd5 25. Qe4 b6 26. Rbc1 Qd6 27. Ne5
Nf6 28. Qe2 Rc8 29. Nc4 Qd5 30. Ne3 Qd7 31. Nc4 Nd5 32. Ne3 Nxe3 33. Qxe3 Rfd8
34. Rxc8 Rxc8 35. Qe2 Rc5 36. b4 Rd5 37. Qe4 Rd4 38. Qe2 Qd5 39. Qc2 e5 40. f3
f5 41. Qc8+ Qd8 42. Qxf5 Qe7 43. Qc8+ Kh7 44. Qf5+ Kg8 45. Qc8+ Kh7 46. Qc3 Qg5
47. Kf2 Qh4+ 48. Kg1 Qg3 49. Qd2 Rf4 50. Qf2 Qg6 51. Qe2 Rd4 52. Qe3 Qd6 53. Qe2
Qd5 54. Qc2 Qf7 55. Qc3 Qf4 56. Qd2 Qf7 57. Qc3 Qf4 58. Kf2 Qh4+ 59. Kf1 Qg3 60.
Qd2 Qg6 61. Qe2 Qf5 62. Kf2 Qg5 63. Qe3 Qh4+ 64. Kg1 Qd8 65. Qxe5 Qd7 66. Qe3
Qd6 67. Kf2 Qf6 68. Rc1 Qd6 69. Rc3 b5 70. Qe8 a6 71. Qc8 Qf4 72. Ke2 Qe5+ 73.
Kd1 Rd6 74. Qc5 Rd5 75. Qc6 Qd4 76. Ke2 Qe5+ 77. Kf1 Qd4 78. Qc7 Re5 79. Rb3 Qe3
80. Qc3 Qe2+ 81. Kg1 Qe3+ 82. Kh1 Qf4 83. Rb1 Qg3 84. Qd2 g5 85. Kg1 Re6 86. Kf1
Qd6 87. Qc2 Re7 88. Rd1 Kg7 89. Qc3+ Kg6 90. Qc5 Qg3 91. Qxe7 {Black resigns}
1-0

[Event "Team 45 45 League T64"]
[Site "Internet Chess Club"]
[Date "2015.03.07"]
[Round "1"]
[White "QuimCatala"]
[Black "TacoCrafterHD"]
[Result "1/2-1/2"]
[WhiteElo "1508"]
[BlackElo "1456"]
[Opening "Ruy Lopez: Möller defense"]
[ECO "C78"]
[Time "14:12:03"]
[TimeControl "2700+45"]

1. e4 e5 2. Nf3 Nc6 3. Bb5 a6 4. Ba4 Nf6 5. O-O Bc5 6. c3 O-O 7. Bc2 d6 8. d4
exd4 9. cxd4 Bb6 10. Re1 Bg4 11. Bg5 Bxf3 12. gxf3 Nxd4 13. Nc3 h6 14. Bxf6 Qxf6
15. Kg2 Qg5+ 16. Kf1 Qh5 17. Kg2 Qg5+ 18. Kf1 Rad8 19. Nd5 Ne6 20. Qd3 c6 21. e5
g6 22. f4 Nxf4 23. Nxf4 Qxf4 24. Qg3 Qxg3 25. hxg3 dxe5 26. Rxe5 Rfe8 27. Rxe8+
Rxe8 28. Rd1 Rd8 29. Re1 Rd2 30. Re8+ Kg7 31. Re2 Rxe2 32. Kxe2 Kf6 33. f3 h5
34. Kf1 Bd4 35. b3 c5 36. Be4 b6 37. a4 a5 38. Kg2 Ke5 39. Kh3 f5 40. Bc6 g5 41.
Be8 h4 42. gxh4 gxh4 43. Kxh4 f4 44. Kg4 Be3 45. Bc6 Kd4 46. Kf5 Kc3 47. Bd5 Kb4
48. Ke4 b5 49. axb5 Kxb5 50. Kd3 Kb4 51. Bc4 {Game drawn by mutual agreement}
1/2-1/2

[Event "Team 45 45 League T64"]
[Site "Internet Chess Club"]
[Date "2015.03.08"]
[Round "1"]
[White "almond123"]
[Black "JohLeb"]
[Result "1-0"]
[WhiteElo "1522"]
[BlackElo "1336"]
[Opening "Sicilian: Labourdonnais-Löwenthal variation"]
[ECO "B32"]
[Time "12:01:05"]
[TimeControl "2700+45"]

1. e4 c5 2. Nf3 Nc6 3. d4 cxd4 4. Nxd4 e5 5. Nxc6 bxc6 6. Bc4 Nf6 7. Nc3 Be7 8.
O-O O-O 9. Be3 d6 10. Qd2 Be6 11. Bxe6 fxe6 12. Rfd1 Ng4 13. Qe2 Nxe3 14. Qxe3
Qc7 15. Re1 Rf7 16. Rac1 Raf8 17. Rf1 Bh4 18. Nd1 Qe7 19. c4 Bg5 20. Qc3 Bxc1
21. Qxc1 Qh4 22. Qe3 Qg4 23. b3 c5 24. Qd3 d5 25. cxd5 exd5 26. Qxd5 Kh8 27. h3
Qg6 28. Qxe5 Rf3 29. Qxc5 Re8 30. Ne3 Rxh3 31. Qf5 Rh5 32. Qf3 Rhe5 33. Nc4 R5e6
34. Qd3 Qf6 35. e5 Qd8 36. Nd6 Kg8 37. Qc4 Re7 38. Nf5 Re8 39. Nd4 Kf7 40. Nxe6
Rxe6 41. Rc1 a6 42. Qc7+ Qxc7 43. Rxc7+ Kg6 44. f4 h5 45. Kf2 Kh6 46. Kf3 g5 47.
Rd7 gxf4 48. Rd6 Rg6 49. Rxg6+ Kxg6 50. Kxf4 Kf7 51. Kf5 Ke7 52. e6 {Black
resigns} 1-0

[Event "Team 45 45 League T64"]
[Site "Internet Chess Club"]
[Date "2015.03.11"]
[Round "1"]
[White "kabindra"]
[Black "uzi"]
[Result "0-1"]
[WhiteElo "1837"]
[BlackElo "1879"]
[Opening "Scandinavian defense"]
[ECO "B01"]
[Time "11:01:36"]
[TimeControl "2700+45"]

1. e4 d5 2. exd5 Nf6 3. Nc3 Nxd5 4. Nxd5 Qxd5 5. Nf3 Bg4 6. Be2 Nc6 7. h3 Bf5 8.
d3 e5 9. O-O Bc5 10. a3 O-O 11. b4 Be7 12. Bb2 Rad8 13. c4 Qe6 14. b5 e4 15.
bxc6 exf3 16. Bxf3 Rxd3 17. Qe2 Qxe2 18. Bxe2 Rd2 19. Bf3 Rxb2 20. cxb7 Bc5 21.
Bd5 Bd3 22. Rfd1 Bxf2+ 23. Kh2 Bf5 24. Rf1 Re8 25. Bc6 Rb8 26. Rad1 Be6 27. Rb1
Rxb1 28. Rxb1 Bxc4 29. Rb4 Ba6 30. Re4 Bc5 {White resigns} 0-1

[Event "Team 45 45 League T64"]
[Site "Internet Chess Club"]
[Date "2015.03.06"]
[Round "1"]
[White "rayngrant"]
[Black "isolani"]
[Result "0-1"]
[WhiteElo "1563"]
[BlackElo "1566"]
[Opening "Pirc: Ufimtsev-Pytel variation"]
[ECO "B07"]
[Time "20:01:20"]
[TimeControl "2700+45"]

1. e4 d6 2. d4 Nf6 3. Nc3 c6 4. Bd3 e5 5. d5 Nbd7 6. Nge2 Be7 7. O-O O-O 8. Ng3
Nc5 9. Kh1 Bd7 10. Nf5 Bxf5 11. exf5 cxd5 12. Be2 d4 13. Nb5 a6 14. Na3 d5 15.
f4 Bd6 16. fxe5 Bxe5 17. Bf4 Qd6 18. Bxe5 Qxe5 19. Bd3 Nce4 20. Qe1 Rfe8 21. Qb4
Ng4 22. Bxe4 {White resigns} 0-1

[Event "Team 45 45 League T64"]
[Site "Internet Chess Club"]
[Date "2015.03.09"]
[Round "1"]
[White "olivermx"]
[Black "julesraider"]
[Result "0-1"]
[WhiteElo "1405"]
[BlackElo "1616"]
[Opening "Caro-Kann: advance variation"]
[ECO "B12"]
[Time "21:05:41"]
[TimeControl "2700+45"]

1. e4 c6 2. d4 d5 3. e5 c5 4. c3 Nc6 5. Nf3 Bg4 6. Be2 Qb6 7. dxc5 Qd8 8. O-O e6
9. Be3 Bxf3 10. Bxf3 Nxe5 11. Nd2 Ne7 12. Qa4+ N7c6 13. Be2 Be7 14. Bd4 O-O 15.
Nf3 Qc7 16. Rfe1 Nxf3+ 17. Bxf3 Nxd4 18. cxd4 Bf6 19. Rad1 Rfc8 20. Qb3 b6 21.
Bxd5 exd5 22. Qxd5 bxc5 23. dxc5 Bxb2 24. Rb1 Rd8 25. Qf3 Rab8 26. Re2 Qxc5 27.
h3 Be5 28. Rbe1 Bd6 29. Qe4 h6 30. Qf3 a5 31. g3 a4 32. h4 a3 33. Qd3 Bf8 34.
Qe4 Rb2 35. Qf4 Rxe2 36. Rxe2 Rd1+ 37. Kg2 Qd5+ 38. Re4 f5 39. Qe5 Qxe4+ {White
resigns} 0-1

[Event "Team 45 45 League T64"]
[Site "Internet Chess Club"]
[Date "2015.03.06"]
[Round "1"]
[White "otherook"]
[Black "Skeptic1972"]
[Result "1-0"]
[WhiteElo "1755"]
[BlackElo "1488"]
[Opening "QGD: Tarrasch, Prague variation, Normal position"]
[ECO "A13"]
[Time "14:02:14"]
[TimeControl "2700+45"]

1. c4 e6 2. g3 Nf6 3. Bg2 c5 4. Nf3 Nc6 5. O-O Be7 6. Nc3 d5 7. cxd5 exd5 8. d4
O-O 9. h3 h6 10. Be3 c4 11. Ne5 Be6 12. Qa4 Qa5 13. Nxc6 Qxa4 14. Nxe7+ {Black
resigns} 1-0